 Dungeon Crawl Stone Soup version 0.31.0-12-g77e489cdc1 (webtiles) character file.

Game seed: 11650029180975534131

3067 snonkTrekker the Carver (level 9, -8/50 (81) HPs)
             Began as a Minotaur Berserker on Feb 18, 2024.
             Was a Priest of Trog.
             Killed by divine providence
             ... invoked by Jeremiah
              (14 damage)
             ... on level 7 of the Dungeon.
             The game lasted 00:23:23 (8094 turns).

snonkTrekker the Carver (Minotaur Berserker)        Turns: 8094, Time: 00:23:25

HP:   -8/50 (81)    AC: 15    Str: 27    XL:     9   Next: 58%
MP:   8/8           EV:  9    Int:  4    God:    Trog [***...]
Gold: 287           SH:  0    Dex:  9    Spells: 8/8 levels left

rFire   . . .        e - +3 long sword
rCold   . . .        (no shield)
rNeg    . . .        y - +0 plate armour
rPois   +            (helmet restricted)
rElec   .            w - +1 cloak
rCorr   .            (no gloves)
SInv    +            (no boots)
Will    .....        (no amulet) Stlth
                     f - ring of poison resistance
HPRegen 0.28/turn    (no ring)
MPRegen 0.11/turn

%: no passive effects
@: on berserk cooldown, very heavily drained
A: horns 2, retaliatory headbutt, see invisible, wild magic 1
a: Renounce Religion, Berserk, Trog's Hand


You were on level 7 of the Dungeon.
You worshipped Trog.
Trog was most pleased with you.
You visited 1 branch of the dungeon, and saw 7 of its levels.

You collected 287 gold pieces.

Inventory:

Hand Weapons
 e - a +3 long sword (weapon)
Missiles
 j - 64 stones (quivered)
 q - a throwing net
 s - 9 poisoned darts
Armour
 w - a +1 cloak (worn)
 y - a +0 plate armour (worn)
Jewellery
 f - a ring of poison resistance (left hand)
Wands
 p - a wand of flame (20)
 u - a wand of mindburst (11)
 x - a wand of polymorph (2)
Scrolls
 a - a scroll of fog {unknown}
 d - 3 scrolls of teleportation
 h - 2 scrolls of noise
 i - 6 scrolls of identify
 l - a scroll of butterflies
 o - a scroll of silence
 r - a scroll of immolation
Potions
 b - a potion of enlightenment
 c - 2 potions of heal wounds
 g - 2 potions of cancellation
 k - a potion of mutation
 m - 2 potions of curing
 n - 2 potions of brilliance
 t - 2 potions of ambrosia
 v - a potion of magic
 z - a potion of lignification {unknown}


   Skills:
 + Level 8.1 Fighting
 * Level 10.8 Long Blades
 + Level 7.6 Armour
 + Level 6.9 Dodging


You had 8 spell levels left.
You didn't know any spells.
Your spell library was empty.

Dungeon Overview and Level Annotations

Branches:
Dungeon (7/15)             Temple (0/1) D:5

Altars:
Fedhas
Gozag
Makhleb
Sif Muna
Uskayaw
Yredelemnul

Shops:
D:6 (

Annotations:
D:7 Jeremiah


Innate Abilities, Weirdness & Mutations

You have a pair of horns on your head.
You reflexively headbutt those who attack you in melee.
You have supernaturally acute eyesight. (SInv)
Your spells are a little harder to cast, but a little more powerful.


Message History

* * * LOW HITPOINT WARNING * * *
Jeremiah hits you from afar with a +3 trident of draining.
* * * LOW HITPOINT WARNING * * *
You feel drained.
You hit the butterfly.
You kill the butterfly!
The butterfly disappears in a burst of colours! x3
Jeremiah barely misses you.
You slash the butterfly!
You kill the butterfly!
The butterfly disappears in a burst of colours! x5
Jeremiah hits you but does no damage.
You feel drained.
You miss the butterfly. You headbutt the butterfly.
You kill the butterfly!
The butterfly disappears in a burst of colours! x5
Jeremiah barely misses you. Jeremiah hits you but does no damage.
You feel drained.
You closely miss the butterfly.
The butterfly disappears in a burst of colours!
Jeremiah hits you but does no damage.
You feel drained.
The butterfly disappears in a burst of colours! x2
Jeremiah hits you with a +3 trident of draining.
* * * LOW HITPOINT WARNING * * *
You feel drained.
* * * LOW HITPOINT WARNING * * *
You hit Jeremiah.
Jeremiah is severely wounded.
The butterfly disappears in a burst of colours! x2
Jeremiah closely misses you. You furiously retaliate!
You headbutt Jeremiah.
Jeremiah hops!
The butterfly disappears in a burst of colours!
You feel yourself speed up.
The butterfly disappears in a burst of colours! x2
You hit the butterfly.
You kill the butterfly!
The butterfly disappears in a burst of colours! x3
Jeremiah cries, "Fearful master, protect me!"
Something smites you!
You die...
Jeremiah asks, "What happened?
Did... did you die?"

...# ...# ...# .b.# #
...######## .####
'##.......#########.....
..#............).......
..+..b.............#...
..#.............@..#...
..#..b........b....'....
>.###'####....b....#....
.......b.#........b# ###
.........#....bb.......
.........#......b......
.........#..b.b...b....
#####....#...F.........
....#....#.............


You could see Jeremiah.

Vanquished Creatures
  Pikel (D:7)
  The ghost of JaaP the Chopper, an amateur HOMo of the Shining One (D:4)
  A human (D:4)
  An ice beast (D:6)
  An orc warrior (D:6)
  A sky beast (D:6)
  A black bear (D:4)
  3 ogres
  A phantom (D:4)
  3 bullfrogs
  3 scorpions
  4 wights (D:7)
  5 killer bees (D:7)
  A bombardier beetle (D:5)
  4 jellies
  A hound (D:6)
  5 orc priests
  2 sleepcaps
  Natasha (thrice) (D:2)
  4 iguanas
  6 orc wizards
  7 adders
  4 gnolls (D:4)
  A shadow imp (D:7)
  4 ufetubi
  2 dart slugs
  A ribbon worm (D:5)
  23 orcs
  An endoplasm (D:2)
  7 giant cockroaches
  5 goblins
  5 hobgoblins
  3 jackals (D:2)
  7 kobolds
  2 quokkas
  7 ball pythons
  3 bats
  A frilled lizard (D:2)
  A kobold skeleton (D:4)
  4 rats
140 creatures vanquished.

Notes
Turn   | Place    | Note
-------+----------+-------------------------------------------
     0 | D:1      | snonkTrekker the Minotaur Berserker began the quest for the
                  | Orb.
     0 | D:1      | Reached XP level 1. HP: 19/19 MP: 0/0
   514 | D:1      | Reached XP level 2. HP: 27/27 MP: 1/1
   544 | D:1      | Reached skill level 4 in Long Blades
  1349 | D:2      | Reached XP level 3. HP: 33/33 MP: 2/2
  1355 | D:2      | Found a faded altar of an unknown god.
  1540 | D:2      | Noticed Natasha
  1543 | D:2      | Killed Natasha
  1622 | D:2      | Noticed Natasha
  1633 | D:2      | Killed Natasha
  1634 | D:2      | Reached XP level 4. HP: 37/40 MP: 3/3
  1982 | D:2      | Noticed Natasha
  1986 | D:2      | Killed Natasha
  1987 | D:2      | Reached skill level 5 in Long Blades
  2039 | D:2      | Gained mutation: Your spells are a little harder to cast,
                  | but a little more powerful. [potion of mutation]
  2039 | D:2      | Gained mutation: You have supernaturally acute eyesight.
                  | (SInv) [potion of mutation]
  2692 | D:3      | Reached XP level 5. HP: 46/47 MP: 4/4
  2732 | D:3      | Reached ** piety under Trog
  3182 | D:4      | Noticed an ogre
  3185 | D:4      | Killed an ogre
  3186 | D:4      | Reached XP level 6. HP: 55/55 MP: 5/5
  3273 | D:4      | Found a runed translucent door.
  3273 | D:4      | Noticed JaaP's ghost (amateur HOMo)
  3317 | D:4      | Reached skill level 5 in Fighting
  3317 | D:4      | Reached skill level 6 in Long Blades
  3798 | D:4      | Reached XP level 7. HP: 53/61 MP: 6/6
  3826 | D:4      | Found a runed translucent door.
  3827 | D:4      | Noticed a human
  3831 | D:4      | Found a basalt altar of Yredelemnul.
  3841 | D:4      | Killed a human
  4157 | D:4      | Killed JaaP's ghost
  4158 | D:4      | Reached skill level 7 in Long Blades
  4158 | D:4      | Reached skill level 5 in Armour
  4274 | D:5      | Entered Level 5 of the Dungeon
  4508 | D:5      | Found a staircase to the Ecumenical Temple.
  5559 | D:6      | Reached skill level 8 in Long Blades
  5559 | D:6      | Reached XP level 8. HP: 69/70 MP: 7/7
  5564 | D:6      | Reached skill level 5 in Dodging
  5719 | D:6      | Reached *** piety under Trog
  6101 | D:6      | Reached skill level 9 in Long Blades
  6120 | D:6      | Found Ikkuaf's Weapon Shoppe.
  6320 | D:6      | HP: 3/71 [orc warrior/+0 flail (7)]
  6325 | D:6      | HP: 2/71 [orc warrior/+0 flail (8)]
  6680 | D:7      | Found a hide-covered altar of Uskayaw.
  6745 | D:7      | Reached XP level 9. HP: 60/79 MP: 8/8
  6964 | D:7      | Reached skill level 10 in Long Blades
  7015 | D:7      | Found a shimmering blue altar of Sif Muna.
  7015 | D:7      | Found an opulent altar of Gozag.
  7023 | D:7      | Found a burning altar of Makhleb.
  7025 | D:7      | Found a blossoming altar of Fedhas.
  7027 | D:7      | Found a faded altar of an unknown god.
  7409 | D:7      | Noticed Jeremiah
  7885 | D:7      | Noticed Pikel
  7902 | D:7      | Killed Pikel
  8094 | D:7      | Killed from afar by Jeremiah

Illustrated notes

Levels and vault maps discovered:
D:1:      roderic_chinese_lattice_arrival, layout_basic
D:2:      layout_loops_corners, dreamdust_ecumenical_altar_statues, uniq_natasha
D:3:      layout_loops_cross, chequers_serial_rivers_micro_d,
          grunt_ministairs_2, minmay_misc_feat_doors
D:4:      cheibrodos_old_hovel, layout_loops_ring, dk_yredelemnul_ordeal,
          hellmonk_ghost_happy_afterlife
D:5:      layout_loops_corners, temple_fountains
D:6:      layout_cave_pools, serial_shops, shop
D:7:      layout_gridville, kennysheep_mini_moat,
          mainiacjoe_overflow_small_starburst,
          chequers_temple_overflow_minitemple, minmay_quadrilaterals,
          uniq_pikel, uniq_duvessa, uniq_jeremiah

Skill      XL: |  1  2  3  4  5  6  7  8  9 |
---------------+----------------------------+-----
Long Blades    | 4 5 6 8 9 10 | 10.8
Fighting       | 4 5 6 7 8 |  8.1
Armour         | 3 4 5 6 7 |  7.6
Dodging        | 3 4 6 |  6.9

Action                     |  1- 3 |  4- 6 |  7- 9 || total
---------------------------+-------+-------+-------++-------
  Melee: Falchion          |    65 |   128 |   254 ||   447
         Headbutt          |    11 |    22 |    74 ||   107
         Punch             |     2 |     2 |     7 ||    11
         Long sword        |       |       |    88 ||    88
 Invoke: Berserk           |     2 |     2 |     6 ||    10
         Trog's Hand       |       |       |     3 ||     3
  Evoke: Wand              |       |       |     3 ||     3
    Use: Potion            |     2 |     4 |     5 ||    11
         Scroll            |     1 |     1 |     8 ||    10
 Armour: Ring mail         |    31 |    72 |   157 ||   260
         Plate armour      |       |       |   112 ||   112
  Dodge: Dodged            |    23 |    77 |   219 ||   319
